 Dungeon Crawl Stone Soup version 0.26.0-10-g1f06aea511 (webtiles) character file.

Game seed: 15970938478690756237

1054 night the Chiller (level 8, 0/52 HPs)
             Began as a Demonspawn Ice Elementalist on Jan 18, 2021.
             Was a Follower of Sif Muna.
             Slain by an ice beast (2 damage)
             ... on level 6 of the Dungeon.
             The game lasted 00:17:01 (8083 turns).

night the Chiller (Demonspawn Ice Elementalist)     Turns: 8083, Time: 00:17:01

Health: 0/52       AC:  7    Str:  9    XL:     8   Next: 5%
Magic:  13/17      EV: 12    Int: 19    God:    Sif Muna [*.....]
Gold:   356        SH:  0    Dex: 13    Spells: 8/19 levels left

rFire    . . .     SeeInvis .   m - +0 long sword
rCold    . . .     Faith    .   (no shield)
rNeg     . . .     Spirit   .   v - +1 ring mail
rPois    .         Reflect  .   (no helmet)
rElec    .         Harm     .   (no cloak)
rCorr    .         Rampage  .   d - +0 pair of gloves
Will     .....                  (no boots)
Stlth    ++........             (no amulet)
HPRegen  0.17/turn              g - ring of flight
MPRegen  0.15/turn              (no ring)

@: no status effects
A: claws 1, demonic guardian 2, sturdy frame 2
a: Renounce Religion, Evoke Flight, Channel Magic


You were on level 6 of the Dungeon.
You worshipped Sif Muna.
Sif Muna was aware of your devotion.
You visited 2 branches of the dungeon, and saw 7 of its levels.

You collected 356 gold pieces.

Inventory:

Hand Weapons
 c - a +0 whip
 m - a +0 long sword (weapon)
Missiles
 l - 17 poisoned darts (quivered)
 w - 6 curare-tipped darts
Armour
 d - a +0 pair of gloves (worn)
 v - a +1 ring mail (worn)
Jewellery
 g - a ring of flight (left hand)
Wands
 n - a wand of random effects (22)
 B - a wand of enslavement (9)
Scrolls
 b - 7 scrolls of identify
 p - 6 scrolls of remove curse
 q - 3 scrolls of teleportation
 r - a scroll of enchant armour
 y - a scroll of immolation {unknown}
Potions
 a - 2 potions of curing {unknown}
 e - 2 potions of mutation {unknown}
 f - a potion of flight {unknown}
 h - 2 potions of might {unknown}
 i - a potion of heal wounds {unknown}
 j - 2 potions of lignification {unknown}
 k - 4 potions of haste
 o - 4 potions of brilliance {unknown}
 s - 2 potions of berserk rage {unknown}
 t - a potion of magic {unknown}
 u - 2 potions of ambrosia {unknown}
 x - a potion of cancellation {unknown}
 z - a potion of attraction {unknown}


   Skills:
 - Level 1.7 Dodging
 - Level 1.7 Stealth
 + Level 6.3 Spellcasting
 + Level 7.1 Ice Magic


You had 8 spell levels left.
You knew the following spells:

 Your Spells              Type           Power        Failure   Level
a - Freeze                Ice            100%         1%          1
b - Frozen Ramparts       Ice            66%          1%          3
c - Ozocubu's Armour      Ice            33%          1%          3
d - Summon Ice Beast      Ice/Summ       19%          30%         4

Your spell library contained the following spells:

 Spells                   Type           Power        Failure   Level
 Magic Dart               Conj           24%          13%         1
 Blink                    Tloc           N/A          19%         2
 Call Imp                 Summ           6%           19%         2
 Slow                     Hex            6%           19%         2
 Hailstorm                Conj/Ice       19%          30%         4
 Conjure Flame            Conj/Fire      6%           36%         3
 Mephitic Cloud           Conj/Pois/Air  6%           36%         3


Dungeon Overview and Level Annotations

Branches:
Dungeon (6/15)             Temple (1/1) D:4

Altars:
Ashenzari
Cheibriados
Dithmenos
Elyvilon
Fedhas
Gozag
Hepliaklqana
Kikubaaqudgha
Makhleb
Nemelex Xobeh
Okawaru
Ru
Sif Muna
Trog
Vehumet
Xom
Yredelemnul
Zin


Innate Abilities, Weirdness & Mutations

You have sharp fingernails.
A demonic guardian rushes to your aid.
Your movements are less encumbered by armour. (ER -4)


Message History

The ice beast is moderately wounded.
Your ice beast barely misses the ice beast.
You hit the ice beast but do no damage.
The ice beast is moderately wounded.
The ice beast hits you but does no damage.
Your ice beast hits the ice beast but does no damage.
The ice beast hits you. The ice beast freezes you!
Your ice beast hits the ice beast.
Your ice beast freezes the ice beast.
The ice beast completely resists.
You hit the ice beast but do no damage.
The ice beast is moderately wounded.
The ice beast hits you.
* * * LOW HITPOINT WARNING * * *
The ice beast freezes you!
* * * LOW HITPOINT WARNING * * *
Your ice beast hits the ice beast but does no damage.
Your icy armour will break if you move.
Continue?
Your icy armour cracks and falls away as you move.
The ice beast hits you.
You die...

#####.#.######### #..
#.#.........# #..
#.#.#.#####.# #..
#.#.#.#...#.#######..
#.#.#.#.#.#.#.....#..
#.#.#†#.#.#.#.#####..
#.#Y#.#.#.#.#.....#..
#.#Y#.....#.######.##
#.#.@...#.#.#.....<..
#.#.....#.#.#.#######
#.#.#####.#.#.#<....#
#.........#.#.#.###.#
###.#######.#.#####.#
#.# #...#.......# #.#
#.###########
#.#####.......)....
#.............))...


You could see an ice beast and a friendly ice beast (summoned).

Vanquished Creatures
  An orc warrior (D:4)
  A sky beast (D:5)
  A phantom (D:5)
  An ogre (D:4)
  2 bullfrogs (D:6)
  2 scorpions
  A howler monkey (D:5)
  2 iron imps (D:6)
  An iguana (D:5)
  2 worker ants (D:5)
  Robin (D:2)
  7 adders
  6 gnolls
  2 shadow imps
  An ufetubus (D:5)
  An ooze (D:2)
  5 worms
  3 dart slugs
  4 leopard geckos
  10 orcs
  A ball python (D:3)
  8 bats
  3 giant cockroaches
  15 goblins
  8 hobgoblins
  4 jackals (D:1)
  2 quokkas
  4 frilled lizards
  10 kobolds
  11 rats
  A bush (D:2)
121 creatures vanquished.

Vanquished Creatures (collateral kills)
  2 orc wizards
  An iron imp (D:6)
  2 gnolls
  2 orcs (D:3)
  A jackal skeleton (D:4)
8 creatures vanquished.

Vanquished Creatures (others)
  3 plants (D:2)
  4 toadstools (D:1)
  A withered plant (D:6)
8 creatures vanquished.

Grand Total: 137 creatures vanquished

Notes
Turn   | Place    | Note
-------+----------+-------------------------------------------
     0 | D:1      | night the Demonspawn Ice Elementalist began the quest for
                  | the Orb.
     0 | D:1      | Reached XP level 1. HP: 13/13 MP: 3/3
   577 | D:1      | Gained mutation: Your movements are slightly less
                  | encumbered by armour. (ER -2) [demonic ancestry]
   577 | D:1      | Reached XP level 2. HP: 19/19 MP: 1/5
   933 | D:1      | Reached skill level 4 in Ice Magic
  1722 | D:2      | Gained mutation: A weak demonic guardian rushes to your
                  | aid. [demonic ancestry]
  1722 | D:2      | Reached XP level 3. HP: 24/24 MP: 5/7
  1773 | D:2      | Noticed Robin
  1787 | D:1      | Learned a level 3 spell: Frozen Ramparts
  1791 | D:1      | Learned a level 3 spell: Ozocubu's Armour
  1992 | D:2      | Killed Robin
  2087 | D:2      | Reached XP level 4. HP: 23/30 MP: 8/8
  2276 | D:2      | Found a glowing silver altar of Zin.
  2630 | D:2      | Found a hazy altar of Hepliaklqana.
  3459 | D:3      | Reached XP level 5. HP: 33/35 MP: 6/10
  3631 | D:3      | Learned a level 4 spell: Summon Ice Beast
  4277 | D:3      | Reached skill level 5 in Ice Magic
  4745 | D:4      | Noticed an ogre
  4761 | D:4      | Killed an ogre
  5059 | D:4      | Gained mutation: Your movements are less encumbered by
                  | armour. (ER -4) [demonic ancestry]
  5059 | D:4      | Reached XP level 6. HP: 41/41 MP: 5/12
  5278 | D:4      | Found a shimmering blue altar of Sif Muna.
  5284 | D:4      | Noticed an orc warrior
  5293 | D:4      | Found a bloodstained altar of Trog.
  5298 | D:4      | Killed an orc warrior
  5354 | D:4      | Identified Sif Muna's Catalogue of Summoning
  5445 | D:4      | Became a worshipper of Sif Muna the Loreminder
  5504 | D:4      | Found a staircase to the Ecumenical Temple.
  5516 | Temple   | Entered the Ecumenical Temple
  6144 | D:5      | Entered Level 5 of the Dungeon
  6376 | D:5      | Reached skill level 5 in Spellcasting
  6376 | D:5      | Reached skill level 6 in Ice Magic
  6376 | D:5      | Gained mutation: You have sharp fingernails. [demonic
                  | ancestry]
  6376 | D:5      | Reached XP level 7. HP: 46/46 MP: 11/14
  6550 | D:5      | Found a sparkling altar of Nemelex Xobeh.
  7707 | D:6      | Found a burning altar of Makhleb.
  7957 | D:6      | Reached skill level 7 in Ice Magic
  7958 | D:6      | Gained mutation: A demonic guardian rushes to your aid.
                  | [demonic ancestry]
  7958 | D:6      | Reached XP level 8. HP: 47/52 MP: 13/17
  7959 | D:6      | Reached * piety under Sif Muna
  8079 | D:6      | HP: 1/52 [ice beast (12)]
  8083 | D:6      | Slain by an ice beast

Illustrated notes

Levels and vault maps discovered:
D:1:      ldierk_walled_garden_2, layout_loops_ring, minmay_domino_4
D:2:      layout_rooms, nzn_hepliaklqana_mist_gate, lemuel_doored_altar,
          serial_forest, infiniplex_forest_clump_curved, infiniplex_forest_join,
          infiniplex_forest_lined_3, infiniplex_forest_lined_room_3,
          infiniplex_forest_lined_room_3, infiniplex_forest_clump_small,
          infiniplex_forest_clump_small, infiniplex_forest_clump_tiny,
          minmay_misc_feat_rows, serial_bayou_pond_d, uniq_robin
D:3:      minmay_chambers_of_threes, layout_loops_ring,
          ebering_dispersal_statue_hall
D:4:      layout_cave_pods, nzn_overflow_gifts_of_might_and_magic,
          minmay_temple_entry_stoned_glass, minmay_door_square
D:5:      layout_basic, kennysheep_mini, serial_co_window_serial,
          co_window_paths_a, co_window_paths_a, co_window_paths_a,
          co_window_corner_a, co_window_paths_b, co_window_paths_a,
          co_window_paths_a, co_window_cross_1, co_window_of_opportunity_a,
          co_window_of_opportunity_b, co_window_of_opportunity_b,
          co_window_broadway_a, co_window_corner_cb, co_window_broadway_b,
          co_window_corner_ca, co_window_4corner_b, co_window_paths_d,
          glass_columns_a, glass_columns_a, glass_columns_a, glass_columns_c,
          glass_columns_c
D:6:      layout_basic, demons_altar, serial_undead, serial_undead_c,
          serial_undead_b, serial_undead_c, serial_undead_f,
          minmay_misc_feat_rugged, hangedman_minor_gate_pass, uniq_maggie,
          uniq_crazy_yiuf_cottage, uniq_sigmund
Temple:   hc_temple_tempest_star

Skill      XL: |  1  2  3  4  5  6  7 |
---------------+----------------------+-----
Ice Magic      | 4 5 6 7 |  7.1
Spellcasting   | 3 4 5 6 |  6.3
Dodging        | |  1.7
Stealth        | |  1.7

Action                   |  1- 3 |  4- 6 |  7- 9 || total
-------------------------+-------+-------+-------++-------
Melee: Whip              |    38 |       |       ||    38
       Long sword        |    21 |   245 |    35 ||   301
Throw: Dart              |       |       |     1 ||     1
 Cast: Freeze            |    42 |    28 |    19 ||    89
       Frozen Ramparts   |     3 |    15 |    14 ||    32
       Ozocubu's Armour  |     1 |     4 |     2 ||     7
       Summon Ice Beast  |       |       |     1 ||     1
  Use: Scroll            |       |     6 |       ||     6
 Stab: Sleeping          |     1 |     1 |       ||     2
Armor: Robe              |     5 |       |       ||     5
       Leather armour    |    20 |    14 |       ||    34
       Ring mail         |       |    16 |    33 ||    49
Dodge: Dodged            |    48 |    80 |    33 ||   161
       Rpst.: Long sword |     2 |    21 |     6 ||    29
